 Dungeon Crawl Stone Soup version 0.21-a0-369-g397cdb2 (webtiles) character file.

61 Humpert the Slasher (level 3, 0/28 HPs)
             Began as a Demonspawn Gladiator on Oct 15, 2017.
             Slain by a gnoll
             ... wielding a +0 flail
              (10 damage)
             ... on level 2 of the Dungeon.
             The game lasted 00:03:32 (1996 turns).

Humpert the Slasher (Demonspawn Gladiator)          Turns: 1996, Time: 00:03:33

Health: 0/28       AC:  7    Str: 15    XL:     3   Next: 83%
Magic:  3/3        EV: 12    Int:  9    God:
Gold:   66         SH:  3    Dex: 14    Spells: 2/2 levels left

rFire    + . .     SeeInvis .   a - +0 long sword
rCold    + . .     Gourm    .   r - +0 buckler
rNeg     . . .     Faith    .   b - +0 leather armour
rPois    .         Spirit   .   c - +0 helmet
rElec    .         Reflect  .   s - scarf {rC+ rF+}
rCorr    .         Harm     .   n - +0 pair of gloves
MR       .....                  (no boots)
Stlth    +.........             (no amulet)
HPRegen  0.09/turn              (no ring)
MPRegen  0.08/turn              (no ring)

@: flying
A: icy blue scales 1, spiny 1
a: no special abilities


You were on level 2 of the Dungeon.
You were hungry.

You visited 1 branch of the dungeon, and saw 2 of its levels.

You collected 66 gold pieces.

Inventory:

Hand Weapons
 a - a +0 long sword (weapon)
Missiles
 d - 3 throwing nets (quivered)
Armour
 b - a +0 leather armour (worn)
 c - a +0 helmet (worn)
 n - a +0 pair of gloves (worn)
 r - a +0 buckler (worn)
 s - a scarf of resistance (worn)
Jewellery
 h - an uncursed ring of flight {unknown}
 p - a cursed amulet of inaccuracy {unknown}
 u - a +3 ring of dexterity {unknown}
Scrolls
 e - 3 scrolls of random uselessness {unknown}
 j - 2 scrolls of identify {unknown}
 m - a scroll of immolation {unknown}
 t - 2 scrolls of recharging {unknown}
Potions
 i - 2 potions of flight
 k - a potion of curing {unknown}
 l - a potion of haste {unknown}
 o - a potion of agility {unknown}
 q - a potion of degeneration {unknown}
Comestibles
 f - 2 bread rations
 g - a royal jelly
 v - 2 chunks of flesh


   Skills:
 * Level 2.5 Fighting
 + Level 3.3 Long Blades
 - Level 1.7 Throwing
 * Level 1.2 Armour
 - Level 3.0 Dodging
 * Level 0.3 Shields


You had 2 spell levels left.
You didn't know any spells.

Dungeon Overview and Level Annotations

Branches:
Dungeon (2/15)

Altars:


Innate Abilities, Weirdness & Mutations

You are partially covered in icy blue scales. (AC +2)
You are partially covered in sharp spines.


Message History

The gnoll hits you with a flail. The gnoll is struck by your spines.
The gnoll closely misses you.
You riposte.
You barely miss the gnoll.
The gnoll is heavily wounded.
You hit the gnoll.
The gnoll is severely wounded.
You block the gnoll's attack. The gnoll closely misses you.
You closely miss the gnoll.
The gnoll is severely wounded.
The gnoll hits you with a flail! The gnoll barely misses you.
You riposte.
You hit the gnoll but do no damage.
The gnoll is severely wounded.
You hit the gnoll.
The gnoll is severely wounded.
You are feeling hungry.
The gnoll is struck by your spines. The gnoll hits you with a flail.
You block the gnoll's attack.
It was a potion of flight.
You feel very buoyant.
You fly up into the air.
The gnoll hits you with a flail!
You die...

(..........###...
.####.#........###..##
#.#..............
#.#.....####....#
#.#.....####....#
#####.........##....
......#<...##.##..# #
.####.#....##.##g†#..#.#
....#.####..(..g@.......
..#......####.##########
....#.##......#
.#.##.#..>###.#
...(.......##.######
##g##..............#
#.###.....##.####.# #.#
##...###.# ##.#
###......#


You could see 2 gnolls.

Vanquished Creatures
  2 adders (D:2)
  A worm (D:2)
  3 dart slugs
  A leopard gecko (D:2)
  A giant cockroach (D:1)
  2 goblins
  7 hobgoblins
  A kobold (D:1)
  A quokka (D:2)
  2 ball pythons (D:1)
  6 bats
  2 frilled lizards (D:1)
  4 rats (D:1)
33 creatures vanquished.

Notes
Turn   | Place    | Note
-------+----------+-------------------------------------------
     0 | D:1      | Humpert the Demonspawn Gladiator began the quest for the Orb.
     0 | D:1      | Reached XP level 1. HP: 16/16 MP: 1/1
   221 | D:1      | Gained mutation: You are partially covered in icy blue scales. (AC +2) [demonic ancestry]
   221 | D:1      | Reached XP level 2. HP: 18/22 MP: 2/2
  1327 | D:2      | Gained mutation: You are partially covered in sharp spines. [demonic ancestry]
  1327 | D:2      | Reached XP level 3. HP: 25/28 MP: 3/3
  1327 | D:2      | Reached skill level 1 in Armour
  1996 | D:2      | Slain by a gnoll

Vault maps used:
D:1:      dpeg_arrival_signposts, minmay_misc_feat_diagonals

Skill      XL: |  1  2  3 |
---------------+----------+-----
Long Blades    | 3 |  3.3
Dodging        | 3 |  3.0
Armour         | 1 |  1.2
Fighting       | |  2.5
Throwing       | |  1.7
Shields        | |  0.3

Action                   || total
-------------------------++-------
Melee: Long sword        ||    89
  Use: Potion            ||     1
  Eat: Chunk             ||     3
Armor: Leather armour    ||    32
Dodge: Dodged            ||    69
Block: Buckler           ||     6
       Rpst.: Long sword ||    23

Table legend:
 A = Spawn XP
 B = Non-spawn XP
 C = Spawn XP percentage of total XP
 D = Spawn monster count
 E = Non-spawn monster count
 F = Spawn count percentage of total count
 G = Total turns spent on level
                    A         B        C        D         E        F      G
               +---------+---------+-------+---------+---------+-------+---------
         Total |       0 |      88 |   0.0 |       0 |      33 |   0.0 |  1996
               +---------+---------+-------+---------+---------+-------+---------
           D:1 |       0 |      38 |   0.0 |       0 |      22 |   0.0 |  1542
           D:2 |       0 |      50 |   0.0 |       0 |      11 |   0.0 |   454
               +---------+---------+-------+---------+---------+-------+---------
